 Dungeon Crawl Stone Soup version 0.19-a0-1206-g6bcb79c (webtiles) character file.

623 LORDOFBUTT the Covered (level 7, -1/61 HPs)
             Began as a Minotaur Fighter on Aug 22, 2016.
             Slain by a wraith (11 damage)
             ... in an ossuary.
             The game lasted 00:04:46 (3014 turns).

LORDOFBUTT the Covered (Minotaur Fighter)           Turns: 3014, Time: 00:04:46

Health: -1/61      AC:  7    Str: 20    XL:     7   Next: 22%
Magic:  6/6        EV: 17    Int:  5    God:
Gold:   196        SH:  0    Dex: 17    Spells: 0 memorised, 6 levels left

rFire  . . .     SeeInvis .     D - +1 battleaxe
rCold  . . .     Gourm    .     b - +0 scale mail
rNeg   + . .     Faith    .     (shield currently unavailable)
rPois  .         Spirit   .     (helmet restricted)
rElec  .         Dismiss  .     (no cloak)
rCorr  .         Reflect  .     (no gloves)
MR     .....     Harm     .     (no boots)
Stlth  +.........               (no amulet)
                                (no ring)
                                r - ring of positive energy

@: agile, slowed, very slow
A: retaliatory headbutt, horns 2
a: no special abilities


You were in an ossuary.
You were not hungry.

You visited 1 branch of the dungeon, and saw 4 of its levels.
You also visited: Ossuary.

You collected 196 gold pieces.

Inventory:

Hand Weapons
 D - a +1 battleaxe (weapon)
Armour
 b - a +0 scale mail (worn)
Jewellery
 r - a ring of positive energy (left hand)
 s - an uncursed ring of wizardry
Wands
 d - a wand of confusion (48/48)
 y - a wand of lightning (4/15)
 z - a wand of lightning (8/15)
 B - a wand of iceblast (8/15)
Scrolls
 e - 4 scrolls of remove curse
 g - a scroll of teleportation
 k - a scroll of recharging
 l - a scroll of amnesia
 p - a scroll of magic mapping
 t - 2 scrolls of identify {unknown}
 w - a scroll of blinking {unknown}
 x - a scroll of random uselessness {unknown}
Potions
 h - 2 potions of invisibility {unknown}
 i - 2 potions of flight {unknown}
 j - 2 potions of ambrosia {unknown}
 n - a potion of curing {unknown}
 q - a potion of degeneration {unknown}
 u - 2 potions of agility
 v - a potion of berserk rage {unknown}
 A - a potion of cure mutation {unknown}
 C - a potion of magic {unknown}
Comestibles
 f - a bread ration
 m - 3 meat rations


   Skills:
 + Level 5.5 Fighting
 + Level 4.8 Axes
 + Level 5.8 Armour
 + Level 3.2 Dodging
 + Level 0.3 Stealth
   Level 5.3 Shields


You had 6 spell levels left.
You didn't know any spells.

Dungeon Overview and Level Annotations

Branches:
Dungeon (4/15)
 Temple: D:4-7

Altars:
Okawaru
Trog


Innate Abilities, Weirdness & Mutations

You reflexively headbutt those who attack you in melee.
You have a pair of horns on your head.


Message History

You headbutt the wraith, but do no damage.
It was a potion of agility.
You feel agile all of a sudden. The wraith hits you.
* * * LOW HITPOINT WARNING * * *
The wraith drains your vigour!
You feel as though you will be slow longer.
The wraith barely misses you.
Okay, then.
As you read the scroll labeled WAG UJUNUIXAN, it crumbles to dust.
It is a scroll of enchant weapon.
Your +0 battleaxe glows red for a moment.
The wraith hits you.
* * * LOW HITPOINT WARNING * * *
The wraith drains your vigour!
You feel as though you will be slow longer.
You closely miss the wraith.
The wraith is lightly damaged.
The wraith hits you!
You die...

###############
#.............#
#.'##.###.##W@#
#.#.#.#,#.#.#.#
#.###.###.###.#
#.............#
#.............#
#.###.....###.#
#.#z#.....#,#.#
#.###.....###.#
#.............#


You could see a wraith.

Vanquished Creatures
  A wraith (Ossuary)
  3 wights (Ossuary)
  A giant frog zombie (D:3)
  An orc priest (D:3)
  An orc wizard (D:4)
  An iguana (D:4)
  A worker ant (D:4)
  A mummy (D:4)
  4 gnolls (D:4)
  4 adders
  3 worms
  4 dart slugs (D:2)
  4 giant geckos (D:2)
  13 orcs
  5 giant cockroaches
  4 goblins
  3 hobgoblins
  2 jackals (D:2)
  A quokka (D:2)
  A ball python (D:2)
  3 ball python skeletons (Ossuary)
  14 bats
  4 giant newts
  2 hobgoblin skeletons (Ossuary)
  5 kobolds
  A kobold zombie (Ossuary)
  2 orc skeletons (Ossuary)
  An orc zombie (Ossuary)
  9 rats
99 creatures vanquished.

Notes
Turn   | Place    | Note
-------+----------+-------------------------------------------
     0 | D:1      | LORDOFBUTT the Minotaur Fighter began the quest for the Orb.
     0 | D:1      | Reached XP level 1. HP: 19/19 MP: 0/0
   324 | D:1      | Reached XP level 2. HP: 27/27 MP: 1/1
   646 | D:2      | Reached XP level 3. HP: 33/33 MP: 2/2
  1166 | D:2      | Reached skill level 1 in Dodging
  1268 | D:2      | Reached XP level 4. HP: 37/41 MP: 3/3
  1601 | D:3      | Reached XP level 5. HP: 42/47 MP: 4/4
  1922 | D:3      | Noticed a moth of wrath
  1925 | D:3      | Found a bloodstained altar of Trog.
  1936 | D:3      | Reached skill level 5 in Shields
  2359 | D:4      | Reached XP level 6. HP: 33/55 MP: 5/5
  2365 | D:4      | Found an iron altar of Okawaru.
  2448 | D:4      | Reached skill level 5 in Fighting
  2566 | D:4      | Found a sand-covered staircase.
  2571 | D:4      | Reached skill level 5 in Armour
  2576 | Ossuary  | Entered an ossuary
  2882 | Ossuary  | Noticed a flying skull
  2887 | Ossuary  | Noticed a flying skull
  2895 | Ossuary  | Noticed a wraith
  2895 | Ossuary  | Noticed a flying skull
  2989 | Ossuary  | Noticed a wraith
  2996 | Ossuary  | Killed a wraith
  2996 | Ossuary  | Reached XP level 7. HP: 43/61 MP: 6/6
  3009 | Ossuary  | Noticed a wraith
  3014 | Ossuary  | Slain by a wraith

Vault maps used:
D:1:      nicolae_arrival_washed_ashore
D:3:      tgw_trog, first_bread, corexii_hall_statues_l, minmay_misc_feat_x
D:4:      lemuel_doored_altar, okawaru_ov_weapons_minmay,
          gup_ossuary_entry_pyramid
Ossuary:  ossuary_due_cavern

Skill      XL: |  1  2  3  4  5  6 |
---------------+-------------------+-----
Fighting       | 4 5 |  5.5
Shields        | 4 5 |  5.3
Armour         | 4 5 |  5.8
Dodging        | 1 2 3 |  3.2
Axes           | 3 4 |  4.8
Stealth        | |  0.3

Action                   |  1- 3 |  4- 6 |  7- 9 || total
-------------------------+-------+-------+-------++-------
Melee: War axe           |    83 |   145 |       ||   228
       Headbutt          |    10 |    20 |       ||    30
       Battleaxe         |       |     6 |     3 ||     9
  Use: Potion            |       |     2 |     1 ||     3
       Scroll            |       |     6 |     1 ||     7
  Eat: Pizza             |       |     1 |       ||     1
       Chunk             |       |     3 |       ||     3
       Bread ration      |       |     1 |       ||     1
Armor: Scale mail        |    39 |    52 |       ||    91
Dodge: Dodged            |    16 |    59 |     2 ||    77
Block: Shield            |    41 |    85 |       ||   126
